 Dungeon Crawl Stone Soup version 0.23-a0-819-g6debee6 (webtiles) character file.

4433 ohad the Severer (level 10, -4/74 HPs)
             Began as a Hill Orc Gladiator on Jan 22, 2019.
             Was a Believer of Makhleb.
             Slain by a two-headed ogre
             ... wielding a +0 giant club
              (23 damage)
             ... on level 8 of the Dungeon.
             The game lasted 00:24:47 (10466 turns).

ohad the Severer (Hill Orc Gladiator)              Turns: 10466, Time: 00:24:48

Health: -4/74      AC: 13    Str: 23    XL:     10   Next: 36%
Magic:  15/15      EV: 10    Int:  8    God:    Makhleb [**....]
Gold:   372        SH:  0    Dex: 18    Spells: 9/9 levels left

rFire    . . .     SeeInvis .   a - +0 war axe
rCold    . . .     Gourm    .   (no shield)
rNeg     . . .     Faith    .   A - +0 chain mail
rPois    .         Spirit   .   c - +1 helmet
rElec    .         Reflect  .   (no cloak)
rCorr    .         Harm     .   z - +0 pair of gloves
MR       .....                  (no boots)
Stlth    ..........             r - amulet of rage
HPRegen  0.22/turn              k - +3 ring of dexterity
MPRegen  0.14/turn              E - ring of stealth

@: mighty
A: no striking features
a: Minor Destruction, Renounce Religion, Evoke Berserk Rage


You were on level 8 of the Dungeon.
You worshipped Makhleb.
Makhleb was pleased with you.
You were hungry.

You visited 1 branch of the dungeon, and saw 8 of its levels.

You collected 372 gold pieces.

Inventory:

Hand Weapons
 a - a +0 war axe (weapon)
 d - a +2 whip of freezing
 u - a +0 halberd
 C - a +2 flail of protection
Missiles
 h - 10 poisoned needles
 t - 74 bolts
Armour
 b - a +0 leather armour
 c - a +1 helmet (worn)
 m - a +0 ring mail
 z - a +0 pair of gloves (worn)
 A - a +0 chain mail (worn)
 F - a +0 scale mail
 G - a cursed +0 plate armour
 I - a +1 ring mail of poison resistance
Jewellery
 i - a +4 ring of strength
 k - a +3 ring of dexterity (left hand)
 p - an uncursed ring of poison resistance
 r - an amulet of rage (around neck)
 E - a ring of stealth (right hand)
Wands
 g - a wand of acid (6)
Scrolls
 j - 2 scrolls of remove curse
 n - 4 scrolls of enchant armour
 o - 2 scrolls of enchant weapon {unknown}
 s - 3 scrolls of teleportation {unknown}
 w - 6 scrolls of identify
 x - 3 scrolls of magic mapping {unknown}
 y - a scroll of noise {unknown}
 H - a scroll of amnesia {unknown}
Potions
 e - 3 potions of brilliance
 l - 4 potions of curing
 q - 3 potions of mutation
 v - a potion of ambrosia
 B - a potion of might
 D - a potion of cancellation
Comestibles
 f - 12 rations


   Skills:
 - Level 2.4 Fighting
 - Level 15.5 Axes
 - Level 1.7 Throwing
 - Level 5.4 Armour
 + Level 3.2 Dodging
 - Level 7.5 Invocations


You had 9 spell levels left.
You didn't know any spells.
Your spell library contained the following spells:

 Spells                   Type           Power        Failure   Level  Hunger
 Animate Skeleton         Necr           N/A          97%         1    ##.....
 Pain                     Necr           #...         97%         1    ##.....
 Regeneration             Chrm/Necr      #.........   100%        3    ####...
 Vampiric Draining        Necr           #.........   100%        3    ####...
 Animate Dead             Necr           N/A          100%        4    #####..


Dungeon Overview and Level Annotations

Branches:
Dungeon (8/15)             Temple (0/1) D:4
   Lair: D:8-11

Altars:
Cheibriados
Fedhas
Makhleb
Yredelemnul
The Shining One

Shops:
D:4 =

Annotations:
D:8 Grum


Message History

You closely miss the two-headed ogre.
The two-headed ogre is lightly wounded.
The two-headed ogre hits you with a +0 giant club.
The two-headed ogre hits you with a +0 giant spiked club!!
You hit the two-headed ogre.
The two-headed ogre is moderately wounded.
You hit the two-headed ogre but do no damage.
The two-headed ogre is moderately wounded.
The two-headed ogre barely misses you.
The two-headed ogre hits you with a +0 giant spiked club!
* * * LOW HITPOINT WARNING * * *
You feel very mighty all of a sudden.
The two-headed ogre hits you but does no damage.
The two-headed ogre closely misses you.
You slash the two-headed ogre!
The two-headed ogre is moderately wounded.
You slash the two-headed ogre!
The two-headed ogre is heavily wounded.
The two-headed ogre hits you with a +0 giant club!!
You die...

### #<# #@# #O# #.#
#.##### #.#...#
############(#...#####.##
.............'...'.......
############)#...#####.##
#[#...#


You could see a two-headed ogre.

Vanquished Creatures
  Pikel (D:6)
  Prince Ribbit (D:5)
  A hippogriff (D:7)
  A slime creature (D:7)
  A wyvern (D:7)
  2 hungry ghosts (D:8)
  A vampire mosquito (D:8)
  Edmund (D:5)
  Duvessa (D:7)
  An acid dragon (D:8)
  An ice beast (D:8)
  2 orc warriors
  An ogre (D:8)
  2 phantoms
  A sky beast (D:8)
  2 wolves
  A centaur (D:6)
  A bullfrog (D:5)
  Dowan (D:7)
  3 scorpions
  5 killer bees (D:4)
  4 wights (D:8)
  2 crimson imps
  4 hounds
  A quasit (D:8)
  3 bullfrog skeletons
  3 orc priests
  4 orc wizards
  Crazy Yiuf (D:7)
  Jessica (D:2)
  10 worker ants
  2 worker ant zombies
  2 gnolls
  9 adders
  A shadow imp (D:6)
  3 worms
  2 dart slugs (D:2)
  6 leopard geckos
  16 orcs
  A ball python (D:2)
  3 giant cockroaches
  6 goblins
  8 hobgoblins
  8 jackals
  6 quokkas
  8 bats
  5 frilled lizards
  5 kobolds
  A quokka skeleton (D:5)
  7 rats
163 creatures vanquished.

Vanquished Creatures (others)
  A scorpion (D:6)
1 creature vanquished.

Grand Total: 164 creatures vanquished

Notes
Turn   | Place    | Note
-------+----------+-------------------------------------------
     0 | D:1      | ohad the Hill Orc Gladiator began the quest for the Orb.
     0 | D:1      | Reached XP level 1. HP: 18/18 MP: 1/1
   277 | D:1      | Reached XP level 2. HP: 25/25 MP: 2/2
  1230 | D:2      | Reached skill level 5 in Axes
  1307 | D:2      | Found a snail-covered altar of Cheibriados.
  1397 | D:2      | Reached XP level 3. HP: 24/30 MP: 3/3
  1651 | D:2      | Noticed Jessica
  1658 | D:2      | Killed Jessica
  1658 | D:2      | Reached skill level 6 in Axes
  1658 | D:2      | Reached XP level 4. HP: 37/37 MP: 4/4
  1893 | D:2      | Reached skill level 7 in Axes
  2341 | D:2      | Reached XP level 5. HP: 42/42 MP: 5/5
  2691 | D:3      | Found a burning altar of Makhleb.
  2692 | D:3      | Found a blossoming altar of Fedhas.
  2705 | D:3      | Became a worshipper of Makhleb the Destroyer
  2790 | D:3      | Reached skill level 8 in Axes
  3787 | D:4      | Found a staircase to the Ecumenical Temple.
  3804 | D:4      | Noticed a phantom
  3845 | D:4      | Killed a phantom
  3845 | D:4      | Reached skill level 9 in Axes
  3845 | D:4      | Reached XP level 6. HP: 26/50 MP: 6/6
  4125 | D:4      | Reached skill level 10 in Axes
  4125 | D:4      | Reached XP level 7. HP: 43/56 MP: 7/7
  4224 | D:4      | Found Waegheud's Jewellery Boutique.
  4294 | D:5      | Entered Level 5 of the Dungeon
  4294 | D:5      | Noticed Prince Ribbit
  4295 | D:5      | Found a basalt altar of Yredelemnul.
  4299 | D:6      | Found a glowing golden altar of the Shining One.
  4667 | D:6      | Noticed Pikel
  4699 | D:6      | Killed Pikel
  4699 | D:6      | Reached * piety under Makhleb
  4699 | D:6      | Reached skill level 12 in Axes
  4699 | D:6      | Reached XP level 8. HP: 24/62 MP: 8/8
  5292 | D:6      | Reached skill level 13 in Axes
  5385 | D:5      | Killed Prince Ribbit
  5778 | D:5      | Noticed Edmund
  5815 | D:5      | Killed Edmund
  5815 | D:5      | Reached skill level 14 in Axes
  5815 | D:5      | Reached XP level 9. HP: 57/68 MP: 9/9
  6684 | D:7      | Noticed Duvessa
  6695 | D:7      | Noticed Dowan
  6699 | D:7      | Killed Duvessa
  7067 | D:7      | Killed Dowan
  7067 | D:7      | Reached skill level 1 in Armour
  7144 | D:7      | Reached ** piety under Makhleb
  7609 | D:7      | Found a runed door.
  7613 | D:7      | Noticed Crazy Yiuf
  7620 | D:7      | Killed Crazy Yiuf
  7620 | D:7      | Reached skill level 5 in Armour
  8177 | D:8      | Reached skill level 1 in Invocations
  8590 | D:8      | Reached skill level 5 in Invocations
  8777 | D:8      | Reached XP level 10. HP: 60/74 MP: 14/14
  9066 | D:8      | Reached skill level 15 in Axes
  9162 | D:8      | Noticed a two-headed ogre
  9218 | D:8      | Noticed Grum
 10466 | D:8      | Slain by a two-headed ogre

Vault maps used:
D:1:      minmay_arrival_jagged, item_on_display_a
D:2:      wad_woods_tower, kennysheep_slug_shrine, uniq_jessica
D:3:      gammafunk_temple_overflow_statue, first_ration
D:4:      wad_lake_hut, minmay_temple_entry_butterflies, serial_shops,
          kennysheep_little_box
D:5:      yredelemnul_altar_generic, uniq_prince_ribbit1, uniq_edmund
D:6:      lemuel_doored_altar, uniq_pikel
D:7:      uniq_duvessa, uniq_crazy_yiuf_cottage
D:8:      minmay_curly_fans, grunt_temple_overflow_opulence, lair_entry_dummy,
          uniq_grum

Skill      XL: |  1  2  3  4  5  6  7  8  9 10 |
---------------+-------------------------------+-----
Axes           | 5 6 7 9 10 12 14 15 | 15.5
Armour         | 5 |  5.4
Invocations    | 6 7 |  7.5
Dodging        | 3 |  3.2
Fighting       | |  2.4
Throwing       | |  1.7

Action                   |  1- 3 |  4- 6 |  7- 9 | 10-12 || total
-------------------------+-------+-------+-------+-------++-------
Melee: War axe           |    83 |   148 |   388 |   189 ||   808
Throw: Throwing net      |       |       |     4 |       ||     4
  Use: Scroll            |     1 |     6 |     4 |     1 ||    12
       Potion            |       |       |     6 |     1 ||     7
 Stab: Held in net/web   |       |       |     2 |       ||     2
       Sleeping          |       |       |       |     1 ||     1
  Eat: Chunk             |     2 |     8 |     9 |     3 ||    22
       Ration            |       |       |     2 |     4 ||     6
Armor: Leather armour    |    11 |       |       |       ||    11
       Ring mail         |    17 |    49 |    41 |    28 ||   135
       Scale mail        |       |       |    52 |       ||    52
       Chain mail        |       |       |    51 |    54 ||   105
Dodge: Dodged            |    75 |    94 |   164 |   105 ||   438

Table legend:
 A = Non-vault XP
 B = Vault XP
 C = Vault XP percentage of total XP
 D = Non-vault monster count
 E = Vault monster count
 F = Vault count percentage of total count
                 A         B        C        D         E       F
            +---------+---------+-------+---------+---------+-------
      Total |    3648 |    2686 |  42.4 |     139 |      24 |  14.7
            +---------+---------+-------+---------+---------+-------
        D:1 |      13 |      14 |  51.9 |       9 |       1 |  10.0
        D:2 |     117 |      64 |  35.4 |      20 |       7 |  25.9
        D:3 |      80 |       0 |   0.0 |      27 |       0 |   0.0
        D:4 |     808 |       0 |   0.0 |      25 |       0 |   0.0
        D:5 |     389 |     426 |  52.3 |      15 |       2 |  11.8
        D:6 |     377 |     685 |  64.5 |       8 |       1 |  11.1
        D:7 |     952 |     653 |  40.7 |      21 |       5 |  19.2
        D:8 |     912 |     844 |  48.1 |      14 |       8 |  36.4
            +---------+---------+-------+---------+---------+-------
